Map: Fracture LE

Players

Kozan

  • Race: Terran Terran
  • Spawn Location: 5:00

JonSnow - Winner!

  • Race: Zerg Zerg
  • Spawn Location: 11:00

Event: WCS Montreal 2018

VOD

Have the link to the VOD?

Description

Time

  • Played on: Sept. 7, 2018, 12:34 p.m.
  • Length: 12:57

All games in this series

Show
View Real Time Build Order
Export as new Build Order

Kozan Terran 

Build Orders: Reaper Expand, Bio Tank, Banshee Rush 

Get SALT Encoding   

  12  0:01  SCV  
  13  0:13  SCV  
  14  0:17  Supply Depot  
  14  0:25  SCV  
  15  0:39  SCV  
  15  0:40  Barracks  
  16  0:44  Refinery  
  16  0:51  SCV  
  17  1:03  SCV  
  18  1:15  SCV  
  19  1:28  Orbital Command, Reaper  
  20  1:39  Command Center  
  20  1:52  Supply Depot  
  20  1:53  SCV  
  21  1:59  Marine  
  22  2:04  Factory  
  22  2:06  SCV  
  23  2:13  Refinery  
  23  2:18  SCV  
  23  2:21  Marine  
  22  2:51  SCV, Hellion  
  23  3:00  Starport  
  23  3:01  Barracks Reactor  
  23  3:04  Orbital Command  
  23  3:06  SCV  
  24  3:19  SCV  
  25  3:30  SCV  
  25  3:31  SCV  
  27  3:37  Starport Tech Lab  
  27  3:42  SCV  
  27  3:43  SCV  
  27  3:44  Hellion x2  
  33  3:52  Supply Depot  
  33  3:54  SCV  
  33  3:55  SCV  
  35  3:56  Cloaking Field  
  35  3:59  Banshee  
  38  4:06  SCV  
  38  4:07  SCV  
  40  4:17  Hellion x2  
  41  4:18  SCV  
  41  4:20  SCV  
  41  4:23  Supply Depot  
  45  4:30  SCV  
  46  4:31  Barracks Tech Lab  
  46  4:35  SCV  
  47  4:42  Banshee  
  47  4:43  SCV  
  50  4:47  SCV  
  50  4:50  Marine  
  50  4:51  Stimpack  
  52  4:55  SCV  
  52  4:59  Barracks  
  54  5:00  SCV  
  54  5:01  Factory Tech Lab  
  54  5:02  Barracks  
  54  5:10  SCV  
  54  5:13  Command Center  
  55  5:27  SCV x2  
  44  5:29  Marine  
  44  5:35  Starport Reactor, Engineering Bay x2  
  45  5:37  Siege Tank  
  45  5:39  SCV x2  
  45  5:41  Refinery  
  50  5:45  Supply Depot  
  50  5:51  SCV  
  50  5:53  SCV  
  52  5:58  Marine x3  
  52  5:59  Barracks Reactor  
  52  6:03  Refinery  
  52  6:04  SCV  
  56  6:05  SCV  
  57  6:11  Terran Infantry Weapons Level 1  
  57  6:12  Terran Infantry Armor Level 1  
  57  6:16  SCV, Marine x2  
  57  6:17  SCV  
  61  6:19  Siege Tank, Medivac  
  66  6:27  Supply Depot  
  66  6:28  Supply Depot, SCV  
  66  6:29  Orbital Command  
  66  6:30  SCV  
  66  6:31  Marine  
  69  6:34  Marine  
  69  6:35  Medivac  
  72  6:40  SCV, Marine x2  
  72  6:42  SCV, Marine  
  77  6:49  Marine  
  77  6:51  Combat Shield  
  77  6:52  Siege Tank, SCV  
  77  6:53  Marine  
  83  6:56  Orbital Command  
  83  6:58  SCV, Marine  
  85  7:02  Supply Depot  
  85  7:04  SCV  
  86  7:10  SCV  
  86  7:11  Supply Depot  
  86  7:12  Marine x2  
  86  7:13  Marine  
  90  7:16  SCV  
  90  7:20  Marine x2  
  90  7:22  SCV  
  94  7:23  SCV  
  94  7:28  SCV  
  96  7:30  Marine  
  96  7:34  SCV  
  96  7:36  SCV  
  99  7:39  Armory  
  99  7:40  SCV  
  99  7:41  Marine x4  
  104  7:46  SCV  
  104  7:50  Marine  
  106  7:54  Siege Tank, Medivac  
  106  7:58  SCV x2  
  113  7:59  Marine x3  
  113  8:05  Supply Depot, Marine  
  116  8:06  Supply Depot x2  
  117  8:17  Refinery  
  117  8:21  Marine  
  117  8:23  Supply Depot, Barracks  
  117  8:24  Supply Depot  
  117  8:26  Barracks, SCV x3, Marine  
  121  8:29  Marine x3  
  121  8:30  Siege Tank  
  121  8:31  Terran Infantry Weapons Level 2  
  121  8:32  Terran Infantry Armor Level 2  
  127  8:38  Refinery, SCV x2  
  127  8:40  Marine  
  130  8:44  Marine  
  130  8:48  Marauder  
  124  8:54  Marine x2  
  111  8:58  Marine  
  111  8:59  SCV x2  
  111  9:00  SCV  
  111  9:02  Marine  
  114  9:03  Siege Tank, Medivac x2  
  114  9:09  Marauder  
  123  9:11  SCV x2  
  123  9:12  SCV, Marine  
  123  9:15  Barracks Reactor  
  123  9:16  Barracks Reactor  
  127  9:19  Marine x2  
  127  9:20  Marine  
  127  9:21  Command Center  
  130  9:30  Marauder, Marine  
  122  9:37  Marine x2  
  122  9:38  Siege Tank, Marine, Medivac x2  
  132  9:46  Unknown x4, Factory  
  132  9:47  Marine  
  132  9:51  Liberator x2  
  132  9:52  Marauder  
  135  9:53  Marine x4  
  135  9:55  Marine x3  
  142  10:05  Marine  
  143  10:09  Supply Depot x2, Terran Ship Weapons Level 1  
  143  10:11  Marine x4  
  143  10:12  Marine  
  143  10:13  Marauder, Starport, Marine  
  157  10:16  Ghost Academy  
  157  10:18  Marine  
  155  10:23  Marine  
  156  10:29  Marine  
  156  10:31  Marine  
  156  10:34  Marauder  
  160  10:39  Marine  
  160  10:40  Marine x3  
  160  10:41  Siege Tank x2  
  170  10:45  Marine x2  
  170  10:46  Marine  
  173  10:55  Liberator x2  
  173  10:56  Marauder, Barracks  
  167  10:57  Starport Tech Lab  
  167  10:58  Barracks  
  167  11:00  Barracks  
  158  11:17  Marauder  
  165  11:19  Refinery  
  165  11:20  Refinery  
  165  11:39  Marauder  
  99  11:40  Liberator  
  127  11:50  Marine  
  127  11:51  Unknown x3  
  108  11:55  Barracks Tech Lab x2  
  108  11:56  Siege Tank x2, Barracks Tech Lab  
  108  11:58  SCV x2, Marine x3  
  108  11:59  Unknown, Ghost  
  119  12:02  SCV  
  119  12:04  Marine x4  
  123  12:08  Marine  
  123  12:10  SCV x2  
  123  12:14  SCV  
  127  12:19  Marine x3, Ghost  
  127  12:20  Ghost  
  127  12:22  SCV x2  
  130  12:29  SCV  
  133  12:34  Missile Turret, SCV  
Show
View Real Time Build Order
Export as new Build Order

JonSnow Zerg - Winner!

Build Orders: Pool First 

Get SALT Encoding   

  12  0:01  Drone  
  13  0:13  Overlord  
  13  0:17  Drone  
  14  0:31  Drone  
  14  0:32  Drone  
  14  0:34  Drone  
  17  0:44  Spawning Pool  
  17  0:48  Drone  
  17  0:59  Drone  
  18  1:11  Hatchery  
  18  1:14  Extractor  
  16  1:31  Zergling x6, Queen  
  21  1:43  Overlord  
  21  1:58  Drone  
  22  2:13  Drone, Queen  
  25  2:24  Drone  
  25  2:25  Drone x2  
  25  2:27  Queen  
  25  2:28  Metabolic Boost  
  29  2:44  Drone x2  
  29  2:47  Drone  
  29  2:48  Drone x3  
  29  2:50  Drone  
  34  3:06  Hatchery  
  34  3:10  Drone  
  34  3:19  Overlord x2  
  34  3:21  Drone  
  34  3:26  Zergling x2  
  36  3:32  Overlord  
  36  3:37  Queen  
  36  3:39  Zergling x6  
  36  3:40  Drone  
  42  3:41  Drone  
  42  3:47  Overlord  
  43  3:48  Drone  
  43  3:53  Drone  
  43  3:54  Queen  
  47  3:57  Drone  
  47  4:00  Overlord  
  48  4:12  Drone x4  
  48  4:13  Queen  
  54  4:18  Drone  
  54  4:21  Overlord x2  
  55  4:27  Drone x3  
  55  4:30  Extractor  
  57  4:39  Zergling x12  
  57  4:44  Spore Crawler  
  62  4:47  Overlord  
  62  4:50  Spore Crawler  
  62  4:51  Spore Crawler  
  60  4:55  Lair  
  60  4:56  Drone x3  
  63  5:00  Evolution Chamber  
  63  5:01  Drone x2  
  64  5:07  Evolution Chamber  
  64  5:09  Overlord  
  64  5:10  Drone  
  64  5:11  Drone  
  64  5:24  Drone x9  
  64  5:28  Drone  
  71  5:29  Zerg Melee Weapons Level 1  
  71  5:35  Drone x2  
  73  5:36  Drone  
  73  5:39  Overlord  
  73  5:40  Drone  
  73  5:41  Drone  
  76  5:44  Drone x2  
  78  5:50  Drone, Zerg Ground Armor Level 1  
  78  5:52  Extractor  
  78  5:53  Extractor  
  77  5:57  Drone x3  
  77  6:03  Extractor  
  79  6:04  Hatchery  
  79  6:09  Overseer  
  76  6:12  Drone x7  
  76  6:14  Drone x3  
  76  6:15  Extractor  
  76  6:16  Drone  
  85  6:20  Overlord  
  85  6:21  Drone  
  85  6:22  Drone  
  87  6:27  Baneling Nest  
  87  6:29  Overlord, Hydralisk Den  
  85  6:38  Hatchery  
  84  6:43  Overlord  
  83  6:48  Drone  
  85  6:54  Zergling x18  
  85  6:58  Overlord  
  85  6:59  Grooved Spines  
  93  7:02  Drone  
  93  7:03  Drone x2  
  93  7:07  Drone x2  
  98  7:10  Centrifical Hooks, Drone  
  98  7:15  Drone x3  
  101  7:20  Zergling x12  
  101  7:22  Baneling x4  
  107  7:23  Baneling  
  107  7:28  Zerg Melee Weapons Level 2  
  107  7:29  Hydralisk x3  
  107  7:30  Hydralisk  
  112  7:39  Hydralisk x3  
  116  7:49  Zergling x2  
  116  7:50  Zergling x12  
  119  7:55  Infestation Pit  
  119  7:56  Zergling x8  
  122  8:01  Overlord  
  122  8:04  Zerg Ground Armor Level 2  
  122  8:06  Zergling x10  
  122  8:09  Extractor  
  122  8:10  Extractor  
  122  8:11  Zergling x6  
  128  8:12  Muscular Augments  
  128  8:17  Baneling x4  
  128  8:18  Hatchery  
  128  8:19  Zergling x2  
  128  8:20  Zergling x12  
  134  8:30  Drone x5  
  134  8:31  Drone x5  
  144  8:36  Baneling x10  
  144  8:37  Overlord  
  132  8:50  Zergling x20  
  132  8:54  Zergling x8  
  131  8:59  Zergling x6  
  131  9:01  Hive  
  130  9:05  Zergling x2  
  130  9:06  Zergling x8  
  135  9:14  Zergling x2  
  135  9:15  Zergling x10  
  141  9:20  Baneling x2  
  141  9:21  Baneling  
  141  9:30  Hydralisk  
  141  9:31  Hydralisk x12  
  158  9:40  Burrow  
  158  9:42  Drone x5  
  162  9:52  Overseer  
  162  9:58  Zergling x32  
  178  10:07  Overlord  
  178  10:08  Overlord  
  178  10:10  Zergling x2  
  178  10:19  Zergling x4  
  179  10:23  Adrenal Glands, Ultralisk Cavern  
  174  10:40  Viper  
  177  10:44  Extractor  
  177  10:46  Extractor  
  177  10:48  Zergling x42  
  194  10:59  Drone  
  194  11:00  Drone x2  
  194  11:01  Overlord  
  189  11:12  Hatchery  
  189  11:13  Chitinous Plating  
  194  11:18  Ultralisk  
  194  11:19  Baneling  
  194  11:20  Baneling x13  
  194  11:25  Spine Crawler  
  194  11:27  Spine Crawler  
  194  11:31  Spore Crawler, Extractor  
  190  11:32  Extractor  
  187  11:45  Zergling x38  
  168  11:54  Zergling x4, Ultralisk x4  
  177  11:58  Zergling x8  
  180  12:02  Overseer  
  180  12:04  Hydralisk x4  
  179  12:10  Drone x4  
  179  12:11  Drone x2  
  185  12:17  Drone x3  
  185  12:20  Overlord  
  185  12:22  Baneling x7  
  186  12:26  Spore Crawler  
  185  12:35  Zergling x2  
  185  12:36  Zergling x18  
  188  12:39  Zergling x6  
Tags
 
Add a new tag
Caveats
  • Supply blocks, unpowered buildings, or Contaminate may cause inaccurate times.
  • Supply counts are checked every 10 seconds.